 Dungeon Crawl Stone Soup version 0.23-a0-368-g82e9058 (webtiles) character file.

6 Cryolive the Digger (level 1, 0/10 HPs)
             Began as a Gargoyle Earth Elementalist on Oct 24, 2018.
             Slain by a hobgoblin
             ... wielding a +0 club
              (4 damage)
             ... on level 1 of the Dungeon.
             The game lasted 00:00:54 (157 turns).

Cryolive the Digger (Gargoyle Earth Elementalist)    Turns: 157, Time: 00:00:55

Health: 0/10       AC:  5    Str: 11    XL:     1   Next: 90%
Magic:  2/3        EV: 12    Int: 15    God:
Gold:   0          SH:  0    Dex: 10    Spells: 3/4 levels left

rFire    . . .     SeeInvis .   (no weapon)
rCold    . . .     Gourm    .   (no shield)
rNeg     + . .     Faith    .   c - +0 robe
rPois    ∞         Spirit   .   (no helmet)
rElec    +         Reflect  .   (no cloak)
rCorr    .         Harm     .   e - +0 pair of gloves
MR       .....                  (no boots)
Stlth    ++........             (no amulet)
HPRegen  0.03/turn              (no ring)
MPRegen  0.08/turn              (no ring)

@: no status effects
A: negative energy resistance 1, electricity resistance, unbreathing,
petrification resistance, rot immunity, AC +2
a: no special abilities


You were on level 1 of the Dungeon.
You were not hungry.

You visited 1 branch of the dungeon, and saw 1 of its levels.

Inventory:

Missiles
 b - 39 stones (quivered)
Armour
 c - a +0 robe (worn)
 e - a +0 pair of gloves (worn)
Scrolls
 a - 2 scrolls of teleportation {unknown}
Comestibles
 d - a ration


   Skills:
 - Level 1.5 Dodging
 - Level 2.1 Stealth
 + Level 2.2 Spellcasting
   Level 0.7 Transmutations
 + Level 3.9 Earth Magic


You had 3 spell levels left.
You knew the following spells:

 Your Spells              Type           Power        Failure   Level  Hunger
a - Sandblast             Erth           ##....       4%          1    #......

Your spell library contained the following spells:

 Spells                   Type           Power        Failure   Level  Hunger
 Passwall                 Tmut/Erth      #.......     13%         2    ###....
 Stone Arrow              Conj/Erth      #.....       28%         3    ###....
 Petrify                  Tmut/Erth      #.......     63%         4    #####..
 Lee's Rapid Deconstruct  Erth           ##........   75%         5    ######.


Dungeon Overview and Level Annotations

Branches:
Dungeon (1/15)

Altars:


Innate Abilities, Weirdness & Mutations

You are resistant to torment.
Your stone body is resilient. (AC +2)
You are immune to poison.
You resist negative energy. (rN+)
You are resistant to electric shocks. (rElec)
You can survive without breathing.
You are immune to petrification.
You are immune to rotting.


Message History

Ye hit tha ooze.
Tha ooze be moderately wounded.
Tha ooze closely misses ye.
Ye barely miss tha ooze.
Tha ooze be moderately wounded.
Tha ooze hits ye.
Ye hit tha ooze.
Tha ooze be heavily wounded.
Tha ooze hits ye but does nay damage.
Tha hobgoblin barely misses ye.
Ye hit tha ooze.
Tha ooze be severely wounded.
Tha ooze barely misses ye.
Ye barely miss tha ooze.
Tha ooze be severely wounded.
Tha ooze hits ye.
Tha hobgoblin hits ye but does nay damage.
Ye hit tha ooze but do nay damage.
Tha ooze be severely wounded.
Tha ooze barely misses ye.
Tha hobgoblin hits ye wit' a +0 club.
Ye die...

.##.#...........#
..#.####.##.##..#
..#......##.##.#
.
....#######.##.#
#.. ##..#
#..#.##.... ...##
##.#....# # .###
##..†#####.# .
#.....?....#
#.....@....#
#.....Jg...#
.............#
##...........#
#............#
#............#
.$...........#
.#..........#


You could see an ooze and a hobgoblin.

Vanquished Creatures
  2 dart slugs (D:1)
  A kobold (D:1)
3 creatures vanquished.

Notes
Turn   | Place    | Note
-------+----------+-------------------------------------------
     0 | D:1      | Cryolive the Gargoyle Earth Elementalist began the quest
                  | for the Orb.
     0 | D:1      | Reached XP level 1. HP: 10/10 MP: 3/3
   157 | D:1      | Slain by a hobgoblin

Vault maps used:
D:1:      evilmike_arrival_rings, minmay_pentomino_w4

Action                   || total
-------------------------++-------
Melee: Unarmed           ||    11
 Cast: Sandblast         ||     5
Armor: Robe              ||     2
Dodge: Dodged            ||     8

Table legend:
 A = Non-vault XP
 B = Vault XP
 C = Vault XP percentage of total XP
 D = Non-vault monster count
 E = Vault monster count
 F = Vault count percentage of total count
                 A         B        C        D         E       F
            +---------+---------+-------+---------+---------+-------
      Total |       9 |       0 |   0.0 |       3 |       0 |   0.0
            +---------+---------+-------+---------+---------+-------
        D:1 |       9 |       0 |   0.0 |       3 |       0 |   0.0
            +---------+---------+-------+---------+---------+-------
